 Dungeon Crawl Stone Soup version 0.16.1-2-g95b8d4c (webtiles) character file.

1550231 magipi the Champion of Chaos (level 24, 261/268 HPs)
             Began as a Deep Dwarf Necromancer on Mar 24, 2015.
             Was the Champion of Makhleb.
             Escaped with the Orb
             ... and 3 runes on Mar 25, 2015!
             The game lasted 09:58:24 (74466 turns).

magipi the Champion of Chaos (DDNe)                Turns: 74466, Time: 09:58:25

Health: 261/268    AC: 31    Str: 14    XL:     24   Next: 54%
Magic:  41/41      EV: 31    Int: 19    God:    Makhleb [******]
Gold:   2027       SH:  6    Dex: 23    Spells: 7 memorised, 10 levels left

rFire  + . .     SeeInvis .     a - +9 demon blade (elec)
rCold  + . .     Clarity  .     M - +6 mottled dragon armour
rNeg   + . .     SustAb   .     m - +0 buckler {rF+}
rPois  +         Gourm    .     I - +2 hat
rElec  +         Spirit   .     p - +2 cloak {+Inv}
rCorr  +         Warding  .     Z - +2 pair of gloves {Dex+3}
rMut   .         Stasis   .     y - +2 pair of boots {run}
MR     ++++.                    B - amulet of resist corrosion
Stlth  +.........               E - ring of Mnerer {Contam +Blink rElec rPois MR+ Slay+2}
                                c - ring of protection from cold

@: contaminated, non-regenerating, hasted, glowing, drained, very quick,
incredibly resistant to hostile enchantments, very unstealthy
A: damage resistance, recharge devices, horns 1, deterioration 1, mutation
resistance 1, negative energy resistance 1, sense surroundings 3, robust 1, slow
healing 3, MP-powered wands 1
a: Device Recharging, Minor Destruction, Lesser Servant of Makhleb, Major
Destruction, Greater Servant of Makhleb, Renounce Religion, Evoke Blink, Evoke
Invisibility
0: Orb of Zot
}: 3/15 runes: decaying, slimy, gossamer


You escaped.
You worshipped Makhleb.
Makhleb was exalted by your worship.
You were not hungry.

You visited 11 branches of the dungeon, and saw 61 of its levels.
You visited 1 bazaar.
You also visited: Ice Cave.

You collected 7179 gold pieces.
You spent 5152 gold pieces at shops.

Inventory:

Hand weapons
 a - a +9 demon blade of electrocution (weapon)
 b - a +0 blowgun
Missiles
 q - 9 throwing nets (quivered)
 C - 19 curare-tipped needles
Armour
 m - a +0 buckler of fire resistance (worn)
 p - a +2 cloak of invisibility (worn)
 y - a +2 pair of boots of running (worn)
 I - a +2 hat (worn)
 M - a +6 mottled dragon armour (worn)
 Z - a +2 pair of gloves of dexterity (worn)
Jewellery
 c - a ring of protection from cold (left hand)
 f - an uncursed ring of protection from fire
 i - an uncursed ring of see invisible
 t - an uncursed ring of teleportation
 B - an amulet of resist corrosion (around neck)
 E - the ring of Mnerer (right hand) {Contam +Blink rElec rPois MR+ Slay+2}
   (You found it on level 5 of the Swamp)

   [ring of poison resistance]

   It affects your accuracy and damage with ranged weapons and melee attacks
   (+2).
   It insulates you from electricity.
   It protects you from poison.
   It affects your resistance to hostile enchantments.
   It lets you blink.
   It causes magical contamination when unequipped.
Magical devices
 o - a wand of heal wounds (4)
 w - a wand of digging (14)
 x - a wand of invisibility (3)
 A - a wand of hasting (1)
 K - a wand of draining (6)
 W - a wand of disintegration (6)
 Y - a wand of teleportation (5)
Scrolls
 e - 4 scrolls of fear
 h - 25 scrolls of remove curse
 n - a scroll of summoning
 z - 8 scrolls of blinking
 H - 11 scrolls of identify
 O - 4 scrolls of fog
 P - 12 scrolls of magic mapping
 Q - a scroll of silence
 U - 11 scrolls of teleportation
 X - a scroll of recharging
Potions
 j - 17 potions of curing
 k - 12 potions of agility
 u - a potion of cure mutation
 v - a potion of might
 D - 2 potions of invisibility
 F - 7 potions of heal wounds
 G - 6 potions of cancellation
 L - 9 potions of restore abilities
 R - 5 potions of berserk rage
 S - 4 potions of resistance
Books
 V - Uxeab's Reference Book on Calling
   (You found it on level 6 of the Pits of Slime)

   Spells                             Type                      Level
   a - Recall                         Summoning/Translocation      3
   b - Summon Guardian Golem          Hexes/Summoning              4
   c - Monstrous Menagerie            Summoning                    6
   d - Spellforged Servitor           Conjuration/Summoning        7
Miscellaneous
 r - a lamp of fire
 N - a fan of gales
Comestibles
 d - 16 bread rations
 g - 16 meat rations


   Skills:
 + Level 20.0(19.5) Fighting
 - Level 15.3(14.9) Long Blades
   Level 11.3(10.9) Axes
 - Level 20.3(19.8) Armour
 - Level 20.0(19.5) Dodging
 - Level 13.5(13.1) Stealth
 - Level 5.6(5.2) Shields
 - Level 2.0(1.7) Spellcasting
 - Level 2.5(2.2) Charms
 - Level 7.0(6.6) Necromancy
 - Level 7.5(7.1) Translocations
 - Level 2.0(1.7) Air Magic
 + Level 22.4(21.9) Invocations
 - Level 13.0(12.6) Evocations


You had 10 spell levels left.
You knew the following spells:

 Your Spells              Type           Power        Failure   Level  Hunger
a - Pain                  Necr           ####         1%          1    #......
b - Animate Skeleton      Necr           N/A          1%          1    #......
c - Vampiric Draining     Necr           ####......   4%          3    ###....
d - Animate Dead          Necr           N/A          14%         4    #####..
e - Control Undead        Necr           ####......   14%         4    #####..
m - Repel Missiles        Chrm/Air       #.....       17%         2    ###....
B - Blink                 Tloc           N/A          1%          2    ###....


Dungeon Overview and Level Annotations

Branches:
Dungeon (15/15)            Temple (0/1) D:5            Lair (8/8) D:10
  Swamp (5/5) Lair:6       Spider (5/5) Lair:3        Slime (6/6) Lair:8
    Orc (4/4) D:9             Elf (3/3) Orc:4        Vaults (4/5) D:14
  Crypt (1/3) Vaults:3     Depths (5/5) D:15            Zot (5/5) Depths:5

Altars:
Dithmenos
Elyvilon
Gozag
Makhleb
Okawaru
Qazlal
Sif Muna
Trog
Jiyva

Shops:
D:12 [[(!   Orc:2 !   Orc:4 ??(*   Elf:1 (   Elf:2 ?   Elf:3 ::[[
Vaults:2 ([[   Vaults:3 *

Portals:
Hell: Depths:1 Depths:2 Depths:3 Depths:4 Depths:5
Abyss: Depths:1 Depths:4 Depths:5
Pandemonium: Depths:2 Depths:3
Ziggurat: Depths:1
Trove: Vaults:1 (give 2 potions of cure mutation)

Annotations:
D:1 apport
D:14 Azrael
Lair:1 apport
Swamp:3 exclusion: Roxanne, Roxanne
Swamp:4 fly
Elf:2 2 exclusions
Vaults:2 Mennas
Crypt:1 Khufu, Khufu
Abyss:1 Josephine


Innate Abilities, Weirdness & Mutations

You are resistant to damage.
You can recharge devices by infusing magical energy.
You resist negative energy.
You passively map a large area around you.
You do not heal naturally.
You have a pair of small horns on your head.
Your body is slowly deteriorating.
You are somewhat resistant to further mutation.
You are robust (+10% HP).
You expend magic power (3 MP) to slightly strengthen your wands.

Vault maps used:
D:1:      elethiomel_arrival_infinity_welcomes_careful_drivers, baited_tele_trap
D:3:      nicolae_qazlal_style_of_elements
D:4:      first_bread, nicolae_gozag_cash_rules_everything_around_me
D:5:      minmay_temple_entry_poolview, uniq_pikel, uniq_sigmund
D:6:      nicolae_overflow_crystal_walls, minmay_hedge_maze,
          kennysheep_generic_room_12
D:7:      old_standard_altar, lemuel_crystal_altar,
          nicolae_dithmenos_the_darkroom, uniq_iyjb
D:8:      serial_shops, shop
D:9:      david_orc_4, grunt_pizzeria, nrook_mini_vaults,
          corexii_leaking_fountain
D:10:     dpeg_lair_monsters
D:11:     stair_cage_cross, trog_ov_bears_minmay, uniq_sonja, uniq_josephine,
          uniq_nergalle
D:12:     basic_altar, serial_shops, nicolae_shop_stone, shop,
          nicolae_shop_statue_plus, nicolae_shop_temple_entry_statues_fountains
D:13:     kennysheep_big_empty_room, minmay_misc_feat_ornament,
          nicolae_two_hexagons
D:14:     lightli_vaults_fourway_checkpoint, uniq_azrael, uniq_kirke
D:15:     hangedman_depths_entry_civil_slaughter, corexii_hall_statues_x,
          basic_altar, uniq_maud
Lair:1:   disabler_island, infiniplex_staircase_pool_2
Lair:2:   grunt_forest_stairs_clearing, lemuel_fruit_fields
Lair:3:   nicolae_spider_entry_orb_guardian, cheibrodos_lair_caveside_slide,
          beast_lair_carwin_3, grunt_megastairs_1
Lair:4:   kennysheep_rathole
Lair:5:   small_statue_intersection
Lair:6:   swamp_mist, portal_ice_cave_entry_pillars_03,
          grunt_forest_stairs_basic, patterned_corridor, uniq_harold
Lair:8:   evilmike_catoblepas_cave, slime_dummy, grunt_megastairs_4
Swamp:1:  infiniplex_staircase_pool, swamp_pool1, uniq_louise
Swamp:2:  hangedman_swamp_lotus, uniq_saint_roka
Swamp:3:  nicolae_swamp_fairy_circle, uniq_nikola, uniq_roxanne, uniq_norris
Swamp:4:  nicolae_swamp_stair_fork, ldierk_geyser, swamp_pool3,
          water_boxes_lemuel
Swamp:5:  swamp_pestilence
Spider:1: uniq_frances, uniq_aizul
Spider:2: spider_trap
Spider:5: guppyfry_spider_rune, guppyfry_spider_mini_2,
          nicolae_spider_cling_ruins
Slime:1:  basic_altar
Slime:2:  cheibrodos_slime_lost_civilization_7
Orc:1:    nicolae_volcano_entry_lava_flow, basic_altar, uniq_maurice
Orc:2:    serial_shops, nicolae_shop_stone, uniq_joseph
Orc:3:    nicolae_orc_pool_cavern
Orc:4:    st_orc_mages, uniq_erica, uniq_nessos
Elf:1:    serial_shops, nicolae_shop_trees, minivault_28
Elf:2:    basic_altar, serial_shops, shop, basic_stair_grate_trap
Elf:3:    minmay_elf_hall_dome, serial_shops, nicolae_shop_behind_doors, shop,
          shop, nicolae_shop_trees, grunt_ministairs_10, tgw_sif
Vaults:1: nicolae_vaults_big_angled_halls, vaults_room_hallway,
          nicolae_vaults_little_squares_5, nicolae_vaults_little_ls, v_misc_24,
          v_rooms_5, v_alt_pattern_5, nicolae_vaults_little_squares_3, v_misc_5,
          v_misc_27, nicolae_vaults_border_crossing, v_misc_17, enter_trove_0
Vaults:2: st_greater_box_1, vaults_room_corners, vaults_dpeg_doors,
          nicolae_vaults_little_squares_1, ontoclasm_vaults_ring_small,
          vaults_mumra_chevron_long, nicolae_vaults_shelves_hall,
          vaults_standard_mumra_enter_the_diamond, nicolae_vaults_triangles,
          nicolae_vaults_shelves_hall, ontoclasm_vaults_decontamination,
          hangedman_vaults_trim, stair_cage_open,
          nicolae_vaults_diagonal_hallway_7, serial_shops, shop,
          nicolae_shop_overgrown_old_shop, shop_fountains, uniq_mennas,
          uniq_boris, uniq_margery
Vaults:3: v_alt_pattern_1, nicolae_vaults_angled_halls,
          minmay_crypt_entry_simple_box, v_misc_10, vaults_dpeg_encased_lava,
          serial_shops, nicolae_shop_crystal, uniq_asterion
Vaults:4: ontoclasm_vaults_gateway, hangedman_vaults_restitches, v_misc_12,
          v_misc_3, vaults_room_stairs_pillars, hangedman_vaults_corner,
          hangedman_vaults_variations, nicolae_vaults_asterisk, v_misc_25,
          vaults_room_stairs_pillars, hangedman_vaults_impose,
          nicolae_vaults_shelves_hall, v_misc_29, vaults_room_semicircle,
          vaults_room_pools, vaults_room_hallway
Crypt:1:  grunt_crypt_arrival_guarded_gate, uniq_khufu
Depths:1: enter_ziggurat_c, abyss_entry_crystal, hell_entry,
          kennysheep_generic_room_6, grunt_megastairs_2,
          roderic_lattice_octagonal_star
Depths:2: dpeg_oklob_shooting_range, rand_demon_pan_entry_8, hell_entry,
          roderic_st_hans_cross, serial_sigils_hangedman_scar,
          minmay_staircase_windowed_small
Depths:3: kennysheep_cluttered_fort, pf_vacation_house_of_asmodeus,
          hangedman_abyss_or_decor_clamps, serial_shops, bzr_in_the_mist,
          rand_demon_pan_entry_1, dk_noncrumbling_3, uniq_wiglaf, uniq_agnes
Depths:4: hangedman_crystal_crosses_colossus, hell_entry, abyss_entry
Depths:5: lemuel_castle_with_subvaults, serial_glass, glass_columns_b,
          glass_columns_b, glass_columns_c, glass_columns_a,
          due_unseen_surprise, item_on_display_a, minmay_strange_pillars,
          grunt_hell_horde, abyss_entry, basic_stair_grate_trap, uniq_xtahua,
          uniq_jory, uniq_boris, uniq_frederick
Zot:3:    circus_mu
Bazaar:   bazaar_general_marketplace
IceCv:    ice_cave_statue_garden_01


Message History

You kill the ogre!
Makhleb accepts your kill.
You feel a little better.
Something hits your orc zombie but does no damage.
Your orc zombie closely misses something.
You see here a giant club.
Something hits your orc zombie but does no damage.
Something hits your orc zombie but does no damage.
The hobgoblin completely misses you.
You closely miss the hobgoblin. Something hits your orc zombie.
The hobgoblin closely misses you.
There is an escape hatch in the ceiling here.
You hit the hobgoblin!
There is a sudden explosion of sparks!
You kill the hobgoblin!
Makhleb accepts your kill.
You feel a little better.
Something hits your orc zombie but does no damage.
Read which item? (? for menu, Esc to quit)
Charge which item? (? for menu, Esc to quit)
As you read the scroll of recharging, it crumbles to dust.
Your wand of digging (0) glows for a moment and now has 15 charges.
The puff of flame hits your orc zombie.
Your orc zombie is destroyed!
A mysterious force pulls you upwards. The hatch slams shut behind you.
You sense a powerful magical force warping space.
Things that are here:
a ring mail; a flail; a mace You see here a leather armour.
Magic restored.
A ynoxinul comes into view.
The ynoxinul bellows!
Esapuff comes into view.
Press: ? - help, v - describe, . - travel
Here: Esapuff The floor.
Unknown command.
Evoke which item? (* to show all) (? for menu, Esc to quit)
Zapping:
A - a wand of hasting (3)
Press: ? - help, Shift-Dir - straight line, f - you You feel yourself speed up.
This wand has 2 charges left.
The ynoxinul gestures at you. The iron shot misses you.
Esapuff gestures at you while chanting. The bolt of poison misses you.
A rust devil comes into view.
The ynoxinul gestures at you.
The iron shot is repelled.
You feel less protected from missiles.
Your orc skeleton hits something but does no damage.
Evoke which item? (* to show all) (? for menu, Esc to quit)
Zapping:
w - a wand of digging (15)
Press: ? - help, Shift-Dir - straight line The rock shatters into small pieces.
This wand has 14 charges left.
A red devil comes into view. It is wielding a trident.
There is a stone staircase leading up here.
You climb upwards.
You sense a powerful magical force warping space.
There is a stone staircase leading down here.
Unknown command.
There is an escape hatch in the ceiling here.
A mysterious force pulls you upwards. The hatch slams shut behind you.
You sense a powerful magical force warping space.
A giant gecko comes into view.
An ice devil comes into view.
You see here a ring mail.
There is a stone staircase leading up here.
You climb upwards.
You sense a powerful magical force warping space.
There is a stone staircase leading down here.
You open the door.
There is an open door here.
There is a stone staircase leading up here.
You climb upwards.
Level annotation: apport You sense a powerful magical force warping space.
There is a stone staircase leading down here.
Your extra speed is starting to run out.
You are contaminated with residual magic.
You feel yourself slow down.
You feel less contaminated with magical energies.
A Brimstone Fiend comes into view.
The Brimstone Fiend roars!
Evoke which item? (* to show all) (? for menu, Esc to quit)
Zapping:
A - a wand of hasting (2)
Press: ? - help, Shift-Dir - straight line, f - you You feel yourself speed up.
You are contaminated with residual magic.
This wand has 1 charge left.
There is an open door here.
There is an open door here.
You hear a chilling moan.
There is a staircase leading out of the dungeon here.
Put on which piece of jewellery? (? for menu, Esc to quit)
You're wearing all the rings you can.
Remove which one? (? for menu, Esc to cancel) < or
f - a ring of protection from fire > or
E - the ring of Mnerer {Contam +Blink rElec rPois MR+ Slay+2} You remove your ring of protection from fire.
c - a ring of protection from cold (left hand)
You have escaped!

#.##....... ###
##.########. #.#####
########..###.###..
#..#..###....#........##...
#....................##....
#.......#####(..........###
#....####...####.....####..
#..###.........###'###.....
##.#......@......'.'......⌠
#..###.........###+###...(.
#....####...####.....####..
###.....#####...###.....###
#####........##....#.....
#....###############.
###### ##


There were no monsters in sight!

Table legend:
 A = Kills in this place as a percentage of kills in entire the game.
 B = Kills by you in this place as a percentage of kills by you in the entire game.
 C = Kills by friends in this place as a percentage of kills by friends in the entire game.
 D = Other kills in this place as a percentage of other kills in the entire game.
 E = Experience gained in this place as a percentage of experience gained in the entire game.
 F = Experience gained in this place divided by the number of levels of this place that you have seen.
                   A       B       C       D       E      F
               +-------+-------+-------+-------+-------+----------------------
         Total | 100.0 | 100.0 | 100.0 | 100.0 | 100.0 | 17052.6
       Dungeon |  22.2 |  23.0 |  18.8 |  33.3 |   6.0 | 4267.8
          Lair |  12.6 |  10.7 |  20.4 |   0.0 |   5.2 | 6960.8
         Swamp |   8.9 |   7.8 |  13.3 |  22.2 |   7.5 | 16122.8
   Spider Nest |   7.3 |   6.3 |  11.4 |  11.1 |   6.0 | 12909.4
    Slime Pits |   2.9 |   3.6 |   0.2 |   0.0 |   4.7 | 8383.0
  Orcish Mines |   8.9 |   9.4 |   6.8 |   0.0 |   1.1 | 2959.5
   Elven Halls |   4.5 |   5.1 |   2.2 |   0.0 |   6.2 | 22354.0
        Vaults |  12.8 |  13.0 |  12.3 |   0.0 |  15.0 | 40208.2
         Crypt |   0.8 |   1.0 |   0.0 |   0.0 |   0.5 | 5476.0
        Depths |  13.3 |  13.5 |  12.5 |  22.2 |  24.6 | 52947.4
           Zot |   5.5 |   6.4 |   2.2 |  11.1 |  23.1 | 49671.0
      Ice Cave |   0.3 |   0.4 |   0.0 |   0.0 |   0.1 | 852.0
               +-------+-------+-------+-------+-------+----------------------

Vanquished Creatures
  the royal jelly (Slime:6)
  3 orbs of fire (Zot:5)
  2 ancient liches
  Boris (twice) (Vaults:2 Depths:5)
  Margery (Vaults:2)
  Saint Roka (Swamp:2)
  A Killer Klown (Zot:5)
  A curse toe (Zot:5)
  4 golden dragons
  Jory (Depths:5)
  A bone dragon (Swamp:5)
  Frederick (Depths:5)
  A lich (Depths:2)
  Nikola (Swamp:3)
  2 electric golems (Zot:5)
  4 tentacled monstrosities
  20 Orb Guardians (Zot:5)
  2 deep elf blademasters
  A titan (Vaults:2)
  A sphinx (Vaults:2)
  9 acid blobs
  A deep elf master archer (Elf:3)
  An octopode crusher (Depths:2)
  2 thorn hunters
  7 storm dragons
  Kirke (D:14)
  13 draconian monks
  3 azure jellies
  6 frost giants
  Wiglaf (Depths:3)
  8 vault wardens
  6 emperor scorpions
  3 fire giants
  2 draconian knights (Zot:3)
  7 deep elf sorcerers
  Aizul (Spider:1)
  Louise (Swamp:1)
  3 draconian scorchers
  4 ghost moths
  2 draconian zealots
  8 ironheart preservers
  2 war gargoyles
  5 draconian shifters
  7 stone giants
  4 very ugly things
  4 draconian callers
  7 black draconians
  4 green draconians
  6 grey draconians
  4 deep elf demonologists
  9 white draconians
  Azrael (D:14)
  2 pale draconians (Depths:5)
  9 purple draconians
  9 rakshasas
  A vampire knight (Vaults:3)
  5 dire elephants
  4 yellow draconians
  A mottled draconian (Zot:1)
  5 deep elf annihilators
  8 red draconians
  3 ettins
  3 jiangshi (Depths:3)
  3 fire dragons (shapeshifter) (Depths:4)
  2 lorocyprocas
  A green death (Zot:5)
  3 deep elf death magi
  2 eidola
  A crystal guardian (Depths:4)
  A merfolk javelineer (Depths:3)
  2 minotaurs (Depths:5)
  10 yaktaur captains
  4 death oozes
  11 vault guards
  8 fire dragons
  The ghost of Anothat the Covert, a powerful VSEn of Okawaru (Lair:8)
  A hell beast (Depths:3)
  2 deep elf high priests (Elf:1)
  4 ice dragons (shapeshifter) (Depths:4)
  A ghost crab (shapeshifter) (Depths:3)
  8 great orbs of eyes
  9 ice dragons
  Harold (Lair:6)
  12 hydras
  3 death cobs
  3 catoblepae
  5 spriggan air magi
  Nessos (Orc:4)
  8 alligators
  Erica (Orc:3)
  4 centaur warriors
  2 tengu warriors
  4 ogre magi
  9 deep troll shamans
  9 deep troll earth magi
  A spriggan berserker (Depths:2)
  32 death yaks
  A hell hog (Depths:5)
  2 vampire magi
  2 dancing weapons (Depths:4)
  An orc high priest (Orc:4)
  A sun demon (Elf:3)
  A swamp dragon (shapeshifter) (Vaults:1)
  4 soul eaters
  2 lindwurms (Depths:5)
  Nergalle (D:11)
  6 hell knights
  2 iron trolls
  A salamander mystic (Depths:4)
  13 deep elf knights
  A storm dragon skeleton (Crypt:1)
  2 fire crabs
  A giant orange brain (Depths:3)
  3 death drakes (Depths:5)
  11 deep elf summoners
  2 shambling mangroves
  A gelid demonspawn (Depths:2)
  5 ironbrand convokers
  2 flayed ghosts
  18 deep trolls
  A deep troll (shapeshifter) (Elf:3)
  3 spriggan druids (Swamp:4)
  5 swamp dragons
  3 spectral hydras (Swamp:5)
  11 hill giants
  8 unseen horrors
  Pikel (D:5)
  A harpy (shapeshifter) (Depths:1)
  4 necromancers
  9 orc knights
  6 orb spiders
  21 wolf spiders
  A wolf spider zombie (Crypt:1)
  4 griffons
  A faun (shapeshifter) (Depths:4)
  33 ugly things
  6 hornets
  A shining eye (Slime:6)
  14 deep elf conjurers
  A wizard (Depths:2)
  5 orc sorcerers
  15 moths of wrath
  2 phantasmal warriors
  A moth of wrath (shapeshifter) (Vaults:2)
  4 manticores
  A rust devil (Elf:3)
  An oklob plant (Depths:2)
  9 elephants
  2 cyclopes
  A large abomination (Zot:3)
  8 vault sentinels
  Maurice (Orc:1)
  An eye of devastation (Slime:5)
  4 torpor snails
  A smoke demon (Slime:6)
  13 spiny frogs
  27 yaktaurs
  4 black mambas
  A pale draconian zombie (Crypt:1)
  7 naga magi (Depths:4)
  3 gargoyles
  3 swamp worm zombies (Swamp:5)
  An emperor scorpion zombie (Crypt:1)
  A storm dragon simulacrum (Depths:1)
  3 kobold demonologists (Vaults:2)
  3 komodo dragons
  A spiny frog (shapeshifter) (Elf:2)
  A komodo dragon (shapeshifter) (Depths:4)
  3 fire drakes
  A tormentor (Depths:2)
  A hellwing (Depths:4)
  18 jumping spiders
  13 demonic crawlers
  A tengu conjurer (D:15)
  3 hydra zombies (Swamp:5)
  A blue devil (Depths:3)
  4 freezing wraiths
  5 deep elf priests
  A troll (shapeshifter) (Depths:4)
  A guardian mummy (Crypt:1)
  A polar bear (shapeshifter) (Depths:3)
  A red devil (Depths:3)
  3 polar bears
  5 two-headed ogres
  Sonja (D:11)
  8 giant leeches
  A jumping spider (shapeshifter) (Depths:4)
  A two-headed ogre (shapeshifter) (Vaults:4)
  67 slime creatures
  2 boulder beetles
  16 ravens
  8 trolls
  2 fire giant simulacra (Vaults:2)
  2 wind drakes (Depths:5)
  2 alligator zombies (Swamp:5)
  A trapdoor spider zombie (D:10)
  10 bog bodies
  A deep troll zombie (Depths:1)
  4 blink frogs
  A baby alligator (shapeshifter) (Depths:5)
  3 spectral swamp dragons (Swamp:5)
  4 air elementals
  4 wraiths (D:11)
  4 golden eyes
  26 redbacks
  A fire dragon skeleton (Crypt:1)
  2 shadows
  2 basilisks
  12 trapdoor spiders
  5 water elementals
  A fire elemental (D:14)
  A tarantella (shapeshifter) (Depths:2)
  25 deep elf magi
  36 yaks
  2 wyverns
  A human (Zot:3)
  2 human simulacra (Vaults:1)
  8 spriggans
  7 hippogriffs
  3 hogs (D:14)
  13 tarantellas
  32 deep elf fighters
  2 vampires (Vaults:3)
  A hippogriff (shapeshifter) (Vaults:1)
  29 vampire mosquitoes
  9 wolves
  A chaos spawn (D:6)
  A steam dragon (D:14)
  A harpy simulacrum (Depths:4)
  A putrid demonspawn zombie (Crypt:1)
  4 mottled dragons
  A soldier ant (D:14)
  A spectral spiny frog (Swamp:5)
  14 porcupines
  4 wargs
  A hydra simulacrum (Depths:4)
  A soldier ant (shapeshifter) (Elf:3)
  21 swamp worms
  7 hell hounds
  10 water moccasins
  7 ice beasts (IceCv)
  5 swamp drakes
  12 spiders
  3 eyes of draining
  A black bear (Lair:2)
  38 orc warriors
  12 wasps
  4 sky beasts
  4 phantoms (Swamp:5)
  A swamp dragon zombie (Swamp:5)
  A slave (D:5)
  12 crocodiles
  10 boggarts
  An ettin simulacrum (Vaults:3)
  A spriggan simulacrum (Depths:1)
  2 boring beetles (Lair:8)
  21 centaurs
  A fire dragon simulacrum (Depths:4)
  15 ogres
  Sigmund (D:5)
  2 big kobolds
  23 giant frogs
  5 scorpions
  An orc simulacrum (Vaults:2)
  19 wights
  3 crimson imps
  12 killer bees
  17 jellies
  A yaktaur simulacrum (Vaults:1)
  5 electric eels
  2 goliath beetles
  2 human zombies (Crypt:1)
  33 orc priests
  4 centaur skeletons
  4 centaur zombies
  2 giant frog skeletons (D:12)
  9 hounds
  4 iguanas
  3 hell rats
  4 human skeletons (Crypt:1)
  45 orc wizards
  8 sheep
  9 worker ants
  3 mummies (Crypt:1)
  2 gnolls (D:3)
  An orc zombie (Vaults:4)
  60 river rats
  16 adders
  A swamp drake zombie (Swamp:5)
  3 shadow imps
  4 giant mites
  A worm (shapeshifter) (Vaults:1)
  4 worms
  2 giant eyeballs (Vaults:2)
  2 ufetubi (Elf:3)
  2 adder skeletons (D:9)
  An adder zombie (D:8)
  4 giant geckos
  2 oozes
  190 orcs
  3 ball pythons
  16 bats
  A bat zombie (D:5)
  6 giant cockroaches
  18 goblins
  16 hobgoblins
  13 jackals
  4 giant newts
  20 kobolds
  6 quokkas
  13 rats
  A ballistomycete (D:13)
  4 bushes (Elf:1)
  A butterfly (Lair:2)
  9 fungi
  3 plants
2046 creatures vanquished.

Vanquished Creatures (collateral kills)
  Norris (Swamp:3)
  A golden dragon (Depths:2)
  Xtahua (Depths:5)
  A tentacled monstrosity (Zot:3)
  A hellephant (Zot:3)
  Asterion (Vaults:3)
  A deep elf master archer (Elf:3)
  A tengu reaver (Depths:4)
  Agnes (Depths:3)
  Frances (Spider:1)
  3 frost giants
  Maud (D:15)
  2 emperor scorpions
  A deep elf sorcerer (Elf:3)
  2 ghost moths
  A very ugly thing (Depths:3)
  2 ironheart preservers
  2 vault wardens (Vaults:1)
  A draconian annihilator (Zot:3)
  2 stone giants
  A deep elf demonologist (Elf:3)
  2 green draconians
  2 deep elf annihilators (Elf:3)
  A pale draconian (Depths:5)
  A mottled draconian (Zot:1)
  A purple draconian (Zot:3)
  An ettin (Depths:1)
  2 yaktaur captains
  3 fire dragons
  A fire dragon (shapeshifter) (Depths:4)
  A deep elf death mage (Elf:3)
  A minotaur (Depths:3)
  An ice dragon (Zot:1)
  A great orb of eyes (Depths:3)
  4 hydras
  2 ogre magi (Vaults:1)
  A deep troll earth mage (Vaults:1)
  2 catoblepae (Lair:8)
  3 deep troll shamans
  A tengu warrior (Depths:5)
  4 alligators
  A ghost crab (Swamp:5)
  12 death yaks
  A soul eater (Depths:4)
  An unseen horror (D:15)
  A shambling mangrove (Swamp:3)
  10 deep trolls
  A hill giant (D:15)
  2 ironbrand convokers
  A swamp dragon (shapeshifter) (Vaults:2)
  A lindwurm (Depths:5)
  An orc knight (Vaults:1)
  A necromancer (Vaults:2)
  2 hornets (Spider:5)
  8 orb spiders
  5 wolf spiders
  2 phantasmal warriors
  15 ugly things
  2 griffons
  3 orc sorcerers (Orc:4)
  A moth of wrath (Zot:2)
  9 slime creatures
  A shining eye (Slime:6)
  A sixfirhy (Zot:3)
  6 elephants
  Joseph (Orc:2)
  A rust devil (Depths:2)
  A fire giant skeleton (Depths:1)
  A naga mage (Depths:4)
  8 spiny frogs
  A vault sentinel (Vaults:2)
  A black mamba (Lair:7)
  A centaur skeleton (D:15)
  A swamp worm zombie (Swamp:5)
  A freezing wraith (D:15)
  A tengu conjurer (Depths:3)
  8 yaktaurs
  7 demonic crawlers
  2 polar bears
  A death yak skeleton (Depths:1)
  4 deep elf priests
  A fire drake (Zot:1)
  A komodo dragon (Lair:4)
  2 two-headed ogres (Vaults:4)
  2 trolls (D:14)
  4 jumping spiders
  A wind drake (shapeshifter) (D:15)
  An anaconda simulacrum (Depths:4)
  2 hydra zombies (Swamp:5)
  8 ravens
  A boulder beetle (Spider:5)
  7 blink frogs
  2 giant leeches
  2 bog bodies
  2 spriggans
  7 trapdoor spiders
  An alligator zombie (Swamp:5)
  2 shadows
  2 water elementals
  A wyvern (D:14)
  A ynoxinul (Elf:3)
  5 redbacks
  7 tarantellas
  4 deep elf magi
  2 hungry ghosts
  A wraith (D:11)
  11 yaks
  6 hippogriffs
  A fire elemental (D:14)
  4 deep elf fighters
  A neqoxec (Depths:2)
  A wolf (Lair:1)
  An insubstantial wisp (Swamp:5)
  2 mottled dragons (D:11)
  6 swamp worms
  12 vampire mosquitoes
  A water moccasin (shapeshifter) (Depths:1)
  5 water moccasins
  2 porcupines (Lair:4)
  6 swamp drakes
  2 ice beasts
  A black bear (shapeshifter) (Depths:3)
  2 boggarts (Vaults:1)
  3 hell hounds
  A swamp dragon zombie (Swamp:5)
  12 ogres
  A phantom (D:10)
  6 spiders
  15 orc warriors
  A centaur (D:15)
  2 wasps
  5 crocodiles
  7 giant frogs
  2 jellies
  2 scorpions (Spider:5)
  3 killer bees
  3 wights
  A crimson imp (Depths:5)
  6 orc priests
  2 centaur zombies
  4 giant frog zombies
  2 iguanas
  10 orc wizards
  2 hounds
  A spectral swamp drake (Swamp:5)
  A worker ant (D:8)
  A sky beast zombie (D:6)
  Ijyb (D:7)
  8 sheep
  A gnoll (D:3)
  24 river rats
  8 adders
  A shadow imp (D:11)
  A worm (D:2)
  2 ufetubi
  2 giant geckos
  39 orcs
  2 bat zombies
  A hobgoblin (Orc:1)
  4 jackals
  3 kobolds
  2 quokkas
  A giant newt (D:2)
  2 goblins
  4 orc zombies (Vaults:4)
  A bush (Elf:1)
  A crawling corpse (Vaults:4)
  3 fungi
  3 plants (Lair:8)
531 creatures vanquished.

Vanquished Creatures (others)
  A draconian scorcher (Zot:3)
  A Killer Klown zombie (Zot:5)
  A demigod zombie (Depths:5)
  2 storm dragon zombies
  3 very ugly thing zombies
  A golden dragon zombie (Zot:3)
  A lindwurm (Depths:5)
  A dwarf zombie (Depths:3)
  2 tengu zombies
  5 wolf spider zombies
  A hell hog zombie (Depths:5)
  18 human zombies
  5 draconian zombies
  5 frost giant zombies
  A stone giant zombie (Vaults:2)
  A draconian skeleton (Zot:3)
  A dire elephant zombie (Zot:3)
  17 death yak zombies
  A catoblepas zombie (Depths:3)
  A red draconian zombie (Depths:5)
  A purple draconian zombie (Zot:3)
  A green draconian zombie (Zot:3)
  A pale draconian zombie (Depths:5)
  3 emperor scorpion zombies
  10 centaur zombies
  An iron troll zombie (Depths:5)
  A yellow draconian zombie (Zot:1)
  A green draconian skeleton (Depths:5)
  A white draconian skeleton (Zot:3)
  A death yak skeleton (Depths:2)
  4 hydra zombies
  9 redback zombies
  4 jumping spider zombies (Spider:5)
  3 moth of wrath zombies
  4 trapdoor spider zombies
  A hydra skeleton (Swamp:3)
  3 fire dragon zombies
  A griffon zombie (Vaults:2)
  2 tarantella zombies
  2 ice dragon zombies
  15 ugly thing zombies
  2 hornet zombies
  13 deep troll zombies
  A redback (Spider:4)
  A fire dragon skeleton (Depths:3)
  An air elemental (Depths:3)
  5 alligator skeletons
  A ynoxinul (Slime:6)
  A deep elf mage (Elf:1)
  3 giant leech zombies
  2 black mamba skeletons
  A black mamba zombie (Lair:7)
  A hill giant zombie (Vaults:1)
  13 raven zombies
  A hungry ghost (D:11)
  A raven skeleton (Swamp:1)
  A gelid demonspawn zombie (Depths:2)
  8 insubstantial wisps (Swamp:5)
  2 hill giant skeletons
  A human skeleton (Depths:1)
  5 orb spider zombies
  3 spiny frog zombies
  A lindwurm zombie (Depths:5)
  2 manticore zombies
  6 spiny frog skeletons
  A boggart (Depths:2)
  5 blink frog zombies
  3 elephant zombies (Lair:8)
  A fire drake zombie (Lair:6)
  2 swamp dragon skeletons
  2 elephant skeletons (Lair:8)
  An ogre (D:5)
  16 vampire mosquito zombies
  A lost soul (Elf:3)
  2 komodo dragon zombies
  5 hell hound zombies (Depths:5)
  6 yaktaur zombies
  2 yaktaur skeletons
  3 spider zombies
  2 water moccasin skeletons
  5 water moccasin zombies
  2 troll zombies
  2 hippogriff zombies
  A boulder beetle zombie (Spider:5)
  2 naga zombies (Depths:4)
  10 yak zombies
  A polar bear zombie (Lair:8)
  A troll skeleton (D:14)
  2 wolf zombies
  4 spriggan skeletons
  2 yak skeletons
  2 hippogriff skeletons
  A boring beetle zombie (Lair:8)
  3 giant frog zombies
  A soldier ant zombie (D:14)
  4 wasp zombies
  8 giant frog skeletons
  24 elf zombies
  2 porcupine zombies
  A two-headed ogre zombie (Vaults:1)
  5 bog body skeletons
  5 centaur skeletons
  8 elf skeletons
  3 porcupine skeletons
  A crocodile zombie (Lair:1)
  4 killer bee zombies
  2 mottled dragon zombies
  2 sky beast zombies
  3 ogre zombies
  4 crocodile skeletons
  A big kobold skeleton (D:9)
  A big kobold zombie (Vaults:2)
  A hound zombie (D:8)
  A worker ant zombie (D:8)
  3 hound skeletons
  A scorpion zombie (D:7)
  A swamp drake skeleton (Swamp:2)
  2 swamp drake zombies
  17 ufetubi (Slime:6)
  An iguana zombie (Lair:3)
  8 adder skeletons
  7 sheep zombies
  An adder zombie (Lair:3)
  2 iguana skeletons
  2 orcs
  4 bat skeletons
  A giant mite zombie (D:8)
  29 river rat zombies
  A ball python skeleton (D:1)
  A giant cockroach zombie (D:5)
  2 giant spores
  6 goblin skeletons
  A goblin zombie (Orc:2)
  2 hobgoblin skeletons
  5 jackal skeletons
  6 jackal zombies
  2 kobold skeletons
  2 kobold zombies (Vaults:2)
  33 orc skeletons
  51 orc zombies
  4 quokka skeletons
  2 quokka zombies
  3 rat skeletons
  4 river rat skeletons
  A briar patch (Swamp:4)
  7 fungi
  9 plants
606 creatures vanquished.

Grand Total: 3183 creatures vanquished

Notes
Turn   | Place    | Note
--------------------------------------------------------------
     0 | D:1      | magipi, the Deep Dwarf Necromancer, began the quest for the Orb.
     0 | D:1      | Reached XP level 1. HP: 15/15 MP: 2/2
   361 | D:1      | Learned a level 1 spell: Animate Skeleton
   393 | D:1      | Reached XP level 2. HP: 22/22 MP: 1/4
   830 | D:1      | Reached skill level 5 in Necromancy
  1707 | D:2      | Reached XP level 3. HP: 19/28 MP: 1/6
  1727 | D:2      | Learned a level 3 spell: Vampiric Draining
  2269 | D:2      | Reached skill level 6 in Necromancy
  2269 | D:2      | Reached XP level 4. HP: 34/36 MP: 4/7
  2847 | D:3      | Reached skill level 1 in Axes
  3036 | D:3      | Found a stormy altar of Qazlal.
  3037 | D:3      | Noticed a fire elemental
  3037 | D:3      | Noticed an air elemental
  3037 | D:3      | Noticed a water elemental
  3624 | D:4      | Reached XP level 5. HP: 37/42 MP: 1/9
  3771 | D:4      | Noticed a giant frog
  3792 | D:3      | Killed a giant frog
  4142 | D:4      | Identified a +2 pair of boots of running (You found it on level 4 of the Dungeon)
  4371 | D:4      | Reached XP level 6. HP: 42/49 MP: 8/10
  4410 | D:4      | Found an opulent altar of Gozag.
  4476 | D:5      | Entered Level 5 of the Dungeon
  4564 | D:5      | Learned a level 4 spell: Animate Dead
  4579 | D:5      | Reached skill level 5 in Axes
  4828 | D:5      | Noticed Sigmund
  5233 | D:5      | Noticed Pikel
  5274 | D:5      | Reached skill level 7 in Axes
  5274 | D:5      | Reached XP level 7. HP: 50/55 MP: 0/12
  5808 | D:6      | Reached skill level 8 in Axes
  6120 | D:6      | Reached skill level 9 in Axes
  6120 | D:6      | Reached XP level 8. HP: 54/62 MP: 1/13
  6563 | D:6      | Found a shadowy altar of Dithmenos.
  6598 | D:6      | Reached skill level 10 in Axes
  6855 | D:6      | Reached skill level 11 in Axes
  7836 | D:7      | Found a shadowy altar of Dithmenos.
  7956 | D:7      | Found a burning altar of Makhleb.
  7970 | D:7      | Became a worshipper of Makhleb the Destroyer
  8026 | D:7      | Reached skill level 1 in Fighting
  8193 | D:7      | Gained mutation: You passively map the area around you. [level up]
  8193 | D:7      | Reached XP level 9. HP: 19/70 MP: 12/14
  8602 | D:7      | Noticed Ijyb
  8605 | D:7      | Paralysed by Ijyb for 5 turns
  8624 | D:7      | Killed Ijyb
  8646 | D:7      | Found an iron altar of Okawaru.
  9121 | D:8      | Acquired Makhleb's first power
  9350 | D:8      | Reached skill level 5 in Dodging
  9838 | D:8      | Acquired Makhleb's second power
  9883 | D:8      | Found Uqimav's Gadget Emporium.
 10553 | D:8      | Reached skill level 5 in Fighting
 11211 | D:9      | Reached XP level 10. HP: 83/91 MP: 16/16
 11313 | D:9      | Acquired Makhleb's third power
 11567 | D:9      | Reached skill level 1 in Invocations
 12167 | D:9      | Acquired Makhleb's fourth power
 12246 | D:9      | Found a staircase to the Orcish Mines.
 12370 | D:10     | Entered Level 10 of the Dungeon
 12467 | D:10     | Found a staircase to the Lair.
 12477 | D:10     | Reached skill level 5 in Invocations
 13177 | D:10     | Acquired Makhleb's fifth power
 13923 | D:10     | Noticed a hill giant
 13936 | D:10     | Killed a hill giant
 14033 | Lair:1   | Entered Level 1 of the Lair of Beasts
 14107 | Lair:1   | Reached XP level 11. HP: 100/103 MP: 19/22
 15346 | Lair:2   | Reached skill level 1 in Long Blades
 16259 | Lair:3   | Reached skill level 5 in Long Blades
 16490 | Lair:3   | Got a warped scale mail
 16501 | Lair:3   | Identified the +7 scale mail "Thrausk" {Dex+4 Slay-4 Stlth+} (You found it on level 3 of the Lair of Beasts)
 16629 | Lair:3   | Found a hole to the Spider Nest.
 16847 | Lair:4   | Identified a cursed +0 rod of destruction (13/13) (You found it on level 4 of the Lair of Beasts)
 17308 | Lair:4   | Noticed a five-headed hydra
 17314 | Lair:4   | Killed a five-headed hydra
 17776 | Lair:4   | Reached XP level 12. HP: 107/112 MP: 25/25
 17884 | Lair:4   | Noticed a death yak
 17884 | Lair:4   | Noticed a death yak
 17891 | Lair:4   | Noticed a death yak
 17892 | Lair:4   | Noticed a death yak
 17892 | Lair:4   | Noticed a death yak
 17894 | Lair:4   | Noticed a death yak
 17897 | Lair:4   | Killed a death yak
 17907 | Lair:4   | Killed a death yak
 17924 | Lair:4   | Killed a death yak
 18541 | Lair:5   | Reached skill level 10 in Long Blades
 19207 | Lair:5   | Noticed an eight-headed hydra
 19254 | Lair:5   | Killed an eight-headed hydra
 19482 | Lair:6   | Found a frozen archway.
 19524 | IceCv    | Entered an ice cave
 19877 | Lair:6   | Noticed Harold
 19892 | Lair:6   | Killed Harold
 19915 | Lair:6   | Found a staircase to the Swamp.
 19949 | Lair:6   | Reached skill level 12 in Long Blades
 20536 | Lair:7   | Reached skill level 1 in Armour
 20888 | Lair:7   | Noticed an eight-headed hydra
 20916 | Lair:7   | Killed an eight-headed hydra
 21167 | Lair:8   | Entered Level 8 of the Lair of Beasts
 21266 | Lair:8   | Noticed a five-headed hydra
 21461 | Lair:8   | Reached XP level 13. HP: 118/118 MP: 26/26
 21575 | Lair:8   | Gained mutation: You are robust (+10% HP). [potion of beneficial mutation]
 21660 | Lair:8   | Reached skill level 5 in Armour
 21743 | Lair:8   | Found a staircase to the Slime Pits.
 21772 | Lair:8   | Noticed Anothat's ghost (powerful VSEn)
 22132 | Lair:8   | Noticed an eight-headed hydra
 22143 | Lair:8   | Killed an eight-headed hydra
 22143 | Lair:8   | Reached skill level 10 in Dodging
 22355 | Lair:4   | Killed a death yak
 22534 | Orc:1    | Entered Level 1 of the Orcish Mines
 22824 | Orc:1    | Found a dark tunnel.
 22889 | Orc:1    | Found a white marble altar of Elyvilon.
 23022 | Orc:1    | Noticed Maurice
 23030 | Orc:1    | Killed Maurice
 23204 | Orc:2    | Found Vowkiov's Distillery.
 23307 | Orc:2    | Noticed Joseph
 23323 | Orc:2    | Killed Joseph
 23331 | Orc:2    | Bought 3 potions of heal wounds for 225 gold pieces
 23911 | Orc:3    | Reached skill level 1 in Evocations
 24295 | Orc:4    | Entered Level 4 of the Orcish Mines
 24345 | Orc:4    | Noticed Nessos
 24477 | Orc:4    | Noticed Erica
 24496 | Orc:3    | Killed Erica
 24678 | Orc:4    | Killed Nessos
 24752 | Orc:4    | Your ally Nessos died
 24831 | Orc:4    | Found a staircase to the Elven Halls.
 25042 | Orc:4    | Reached skill level 5 in Evocations
 25051 | Orc:4    | Found Plyas' Antique Weapon Emporium.
 25051 | Orc:4    | Found Oggaosy's Magic Scroll Shoppe.
 25064 | Orc:4    | Found Aleal's Magic Scroll Shoppe.
 25178 | Orc:4    | Found Inei's General Store.
 25186 | Orc:4    | Reached skill level 13 in Long Blades
 25245 | Orc:4    | Bought a potion of flight for 45 gold pieces
 25251 | Orc:4    | Bought 3 scrolls of magic mapping for 136 gold pieces
 25251 | Orc:4    | Bought a scroll of silence for 97 gold pieces
 25253 | Orc:4    | Bought a scroll of identify for 30 gold pieces
 25525 | D:11     | Noticed Nergalle
 25542 | D:12     | Found Kaschasa's Distillery.
 25594 | D:12     | Bought a potion of haste for 160 gold pieces
 25594 | D:12     | Bought a potion of berserk rage for 80 gold pieces
 25623 | D:12     | Found Doanised's Antique Weapon Emporium.
 25849 | D:12     | Found an iron altar of Okawaru.
 26009 | D:12     | Found Suankuu's Armour Shop.
 26098 | D:12     | Found Phuutt's Armour Shop.
 26111 | D:12     | Bought the cursed +0 leather armour of Grasch {rF+ MR+ MP+9 Slay+3} for 405 gold pieces
 26111 | D:12     | Bought a +1 helmet of intelligence for 214 gold pieces
 26391 | D:11     | Noticed Sonja
 26418 | D:11     | Killed Sonja
 26538 | D:11     | Found a bloodstained altar of Trog.
 26580 | D:11     | Noticed Josephine
 26599 | D:11     | Gained mutation: You resist negative energy. [level up]
 26599 | D:11     | Reached XP level 14. HP: 139/139 MP: 27/27
 26620 | D:11     | Banished Josephine
 26764 | D:11     | Killed Nergalle
 27935 | D:14     | Noticed Kirke
 27947 | D:14     | Killed Kirke
 27947 | D:14     | Reached skill level 10 in Invocations
 28012 | D:14     | Your ally Kirke died
 28041 | D:14     | Reached skill level 14 in Long Blades
 28473 | Swamp:1  | Entered Level 1 of the Swamp
 29212 | D:12     | Bought a +3 leather armour of cold resistance for 312 gold pieces
 29622 | Swamp:1  | Noticed Louise
 29659 | Swamp:1  | Killed Louise
 30507 | Swamp:2  | Noticed Saint Roka
 30599 | Swamp:2  | Reached skill level 10 in Fighting
 30998 | Swamp:3  | Noticed Norris
 31185 | Swamp:3  | Noticed Roxanne
 31238 | Swamp:4  | Reached XP level 15. HP: 154/154 MP: 21/31
 31244 | Swamp:4  | Noticed a thorn hunter
 31272 | Swamp:4  | Killed a thorn hunter
 31555 | Swamp:4  | Noticed a thorn hunter
 31579 | Swamp:5  | Entered Level 5 of the Swamp
 32051 | Swamp:5  | Killed a thorn hunter
 32624 | Swamp:3  | Noticed Nikola
 32659 | Swamp:3  | Killed Nikola
 32964 | Swamp:2  | Killed Saint Roka
 33147 | Swamp:1  | Reached skill level 5 in Stealth
 33526 | Lair:8   | Got a shadowed robe
 33582 | Lair:8   | Identified the cursed -3 robe of the Eternal Void {rF++ Int+5 Dex-5} (You found it on level 8 of the Lair of Beasts)
 33741 | Lair:8   | Noticed a catoblepas
 33752 | Lair:8   | Killed a catoblepas
 33910 | Lair:8   | Killed a one-headed hydra
 34090 | Lair:8   | Reached skill level 10 in Armour
 34141 | Lair:8   | Noticed a catoblepas
 34271 | Lair:8   | Killed a catoblepas
 34377 | Lair:8   | Noticed a catoblepas
 34469 | Lair:8   | Killed a catoblepas
 34493 | Lair:8   | Got a smoking helmet
 34504 | Lair:8   | Identified the +1 helmet of Weeghapp {+Fly MR+ Regen+ Dex-2} (You found it on level 8 of the Lair of Beasts)
 34898 | D:12     | Bought a +1 mottled dragon armour for 611 gold pieces
 35128 | Spider:1 | Entered Level 1 of the Spider Nest
 35205 | Spider:1 | Noticed Aizul
 35246 | Spider:1 | Killed Aizul
 35396 | Spider:1 | Noticed Frances
 35435 | Spider:1 | Reached XP level 16. HP: 159/162 MP: 31/31
 35494 | Spider:1 | Killed Frances
 36745 | Spider:3 | Got a twisted leather armour
 36764 | Spider:3 | Identified the +6 leather armour "Acyighoi" {+Fly rElec MR- Str-4 SInv} (You found it on level 3 of the Spider Nest)
 36778 | Spider:3 | Learned a level 2 spell: Repel Missiles
 36781 | Spider:3 | Learned a level 2 spell: Blink
 36984 | Spider:3 | Reached skill level 1 in Translocations
 37530 | Spider:4 | Reached skill level 1 in Charms
 37622 | Spider:4 | Reached skill level 1 in Air Magic
 37962 | Spider:5 | Entered Level 5 of the Spider Nest
 38658 | Spider:5 | Reached skill level 5 in Translocations
 39311 | Spider:5 | Got a gossamer rune of Zot
 39884 | Swamp:3  | Killed Norris
 39884 | Swamp:3  | Reached XP level 17. HP: 131/178 MP: 32/32
 40327 | Swamp:4  | Reached skill level 1 in Shields
 41111 | Swamp:5  | Reached skill level 5 in Shields
 41397 | Swamp:5  | Learned a level 4 spell: Control Undead
 41602 | Swamp:5  | Got a smoking ivory ring
 41607 | Swamp:5  | Identified the ring of Mnerer {Contam +Blink rElec rPois MR+ Slay+2} (You found it on level 5 of the Swamp)
 41629 | Swamp:5  | Noticed a bone dragon
 41703 | Swamp:5  | Killed a bone dragon
 41735 | Swamp:5  | Got a decaying rune of Zot
 42657 | D:14     | Noticed Azrael
 42681 | D:14     | Killed Azrael
 42803 | D:14     | Found a gate to the Vaults.
 43283 | D:15     | Entered Level 15 of the Dungeon
 43787 | D:15     | Noticed Maud
 43814 | D:15     | Killed Maud
 43863 | D:15     | Found an iron altar of Okawaru.
 43988 | D:15     | Found a staircase to the Depths.
 44176 | Vaults:1 | Entered Level 1 of the Vaults
 44737 | Vaults:1 | Gained mutation: You passively map a large area around you. [level up]
 44737 | Vaults:1 | Reached XP level 18. HP: 166/194 MP: 33/33
 45077 | Vaults:1 | Reached skill level 15 in Fighting
 45535 | Vaults:1 | Found a portal to a secret trove of treasure.
 46344 | Vaults:2 | Noticed Mennas
 46546 | Vaults:3 | Found a staircase to the Crypt.
 46696 | Vaults:2 | Noticed Margery
 46752 | Vaults:2 | Found Echemul's Antique Weapon Emporium.
 46769 | Vaults:2 | Found Stuuku's Antique Armour Shoppe.
 46794 | Vaults:2 | Bought a bronze scale mail for 261 gold pieces
 46805 | Vaults:2 | Identified the cursed -5 scale mail "Fruuwal" {Int+4} (You bought it in a shop on level 2 of the Vaults)
 46927 | Vaults:1 | Reached skill level 10 in Evocations
 47093 | Vaults:2 | Found Fac Henu's Antique Armour Boutique.
 47120 | Vaults:2 | Bought a scorched cloak for 361 gold pieces
 47120 | Vaults:2 | Bought a pair of scorched boots for 361 gold pieces
 47120 | Vaults:2 | Bought a runed buckler for 171 gold pieces
 47120 | Vaults:2 | Identified the -1 cloak of Immorality {rC- Regen+ Int+5} (You bought it in a shop on level 2 of the Vaults)
 47126 | Vaults:2 | Identified the +2 pair of boots of Frott {rPois rF+ rN+ Dex+5 Stlth+} (You bought it in a shop on level 2 of the Vaults)
 47237 | Vaults:2 | Noticed Boris
 47521 | Vaults:3 | Reached skill level 15 in Dodging
 47703 | Vaults:3 | Found Anuniamp's Assorted Antiques.
 47770 | Vaults:3 | Noticed Asterion
 47786 | Vaults:3 | Killed Asterion
 47998 | Vaults:3 | Got a faintly glowing scimitar
 47999 | Vaults:3 | Identified the +8 scimitar of Guile {slice, rC- rN+ MP+9 Dex+11} (You found it on level 3 of the Vaults)
 48557 | Vaults:2 | Killed Margery
 48746 | Vaults:2 | Killed Boris
 48755 | Vaults:2 | Reached XP level 19. HP: 171/204 MP: 34/34
 49018 | Vaults:2 | Reached skill level 15 in Invocations
 50484 | Vaults:4 | Reached skill level 16 in Dodging
 51736 | Elf:1    | Entered Level 1 of the Elven Halls
 52054 | Elf:1    | Found Pots' Antique Weapon Boutique.
 53192 | Elf:2    | Found a deep blue altar of Sif Muna.
 53579 | Elf:2    | Found Stralol's Magic Scroll Shop.
 53585 | Elf:2    | Bought a scroll of blinking for 120 gold pieces
 53585 | Elf:2    | Bought a scroll of blinking for 120 gold pieces
 54592 | Elf:3    | Entered Level 3 of the Elven Halls
 54772 | Elf:3    | Found Caat Anu's Antique Armour Emporium.
 54793 | Elf:3    | Bought a pair of runed gloves for 130 gold pieces
 54946 | Elf:3    | Found Wudir's Book Shop.
 55136 | Elf:3    | Found Chimoen's Armour Shop.
 55191 | Elf:3    | Found Yjekiv's Book Shop.
 55466 | Elf:3    | Found a deep blue altar of Sif Muna.
 56077 | Elf:3    | Reached XP level 20. HP: 117/213 MP: 33/36
 56673 | Elf:3    | Reached skill level 15 in Armour
 57318 | Elf:3    | Identified Aretemm's Incunabulum of Self-Knowledge and Lightness
 57821 | Depths:1 | Entered Level 1 of the Depths
 57892 | Depths:1 | Reached skill level 17 in Dodging
 57963 | Depths:1 | Got a jewelled chain mail
 57964 | Depths:1 | Identified the cursed -4 chain mail of Complete Protection {Int+4 Stlth+} (You found it on level 1 of the Depths)
 58021 | Depths:1 | Found a one-way gate to the infinite horrors of the Abyss.
 58027 | Depths:1 | Got a pitted tin ring
 58028 | Depths:1 | Identified the ring "Cyim" {Int+2 Dex+3 Slay+2} (You found it on level 1 of the Depths)
 58124 | Depths:1 | Found a gateway to Hell.
 58493 | Depths:1 | Found a gateway to a ziggurat.
 58494 | Depths:1 | Noticed an ancient lich
 58511 | Depths:1 | Killed an ancient lich
 58876 | Depths:2 | Noticed a golden dragon
 59313 | Depths:2 | Found a one-way gate leading to the halls of Pandemonium.
 59390 | Depths:2 | Killed a golden dragon
 59527 | Depths:2 | Gained mutation: You have a pair of small horns on your head. [potion of beneficial mutation]
 59945 | Elf:3    | Bought a +1 hat for 198 gold pieces
 60596 | Depths:3 | Noticed Wiglaf
 60605 | Depths:3 | Found a flickering gateway to a bazaar.
 60609 | Bazaar   | Entered a bazaar
 60609 | Bazaar   | Found Blapt's Magic Scroll Shoppe.
 60609 | Bazaar   | Found Kopyapt's Antique Armour Shoppe.
 60609 | Bazaar   | Found Xuhom's Distillery.
 60610 | Bazaar   | Found Lita's General Store.
 60622 | Bazaar   | Bought a runed hat for 68 gold pieces
 60638 | Bazaar   | Bought a scroll of magic mapping for 66 gold pieces
 60641 | Bazaar   | Bought a potion of cure mutation for 455 gold pieces
 60641 | Bazaar   | Bought a potion of agility for 52 gold pieces
 60641 | Bazaar   | Bought a potion of heal wounds for 65 gold pieces
 60641 | Bazaar   | Bought a potion of restore abilities for 65 gold pieces
 60641 | Bazaar   | Bought a potion of curing for 39 gold pieces
 60641 | Bazaar   | Bought a potion of restore abilities for 65 gold pieces
 60641 | Bazaar   | Bought a potion of heal wounds for 65 gold pieces
 60641 | Bazaar   | Bought a potion of curing for 39 gold pieces
 60644 | Bazaar   | Bought a scroll of fog for 34 gold pieces
 60644 | Bazaar   | Bought a scroll of identify for 34 gold pieces
 60644 | Bazaar   | Bought a scroll of identify for 34 gold pieces
 60644 | Bazaar   | Bought a scroll of identify for 34 gold pieces
 60691 | Depths:3 | Killed Wiglaf
 60735 | Depths:3 | Reached skill level 18 in Dodging
 60942 | Depths:3 | Reached XP level 21. HP: 221/221 MP: 32/37
 60985 | Depths:3 | Your ally Wiglaf died
 61499 | Depths:3 | Reached skill level 10 in Stealth
 61775 | Depths:3 | Identified a +0 rod of inaccuracy (14/14) (You found it on level 3 of the Depths)
 61848 | Depths:3 | Noticed Agnes
 61863 | Depths:3 | Killed Agnes
 62242 | Depths:4 | Reached skill level 19 in Armour
 63000 | Depths:5 | Entered Level 5 of the Depths
 63540 | Depths:5 | Noticed Xtahua
 63571 | Depths:5 | Killed Xtahua
 63576 | Depths:5 | Noticed Jory
 63595 | Depths:5 | Killed Jory
 63741 | Depths:5 | Reached XP level 22. HP: 231/231 MP: 38/38
 63760 | Depths:5 | Got a slimy copper amulet
 63761 | Depths:5 | Identified the amulet "Thueddig" {rF+ Regen+} (You found it on level 5 of the Depths)
 63765 | Depths:5 | Got a pitted leather armour
 63766 | Depths:5 | Identified the -5 leather armour of the Cockroach {+Fly rElec rN+ MR- rCorr} (You found it on level 5 of the Depths)
 64256 | D:5      | Found a staircase to the Ecumenical Temple.
 64329 | D:5      | Killed Pikel
 64447 | D:5      | Killed Sigmund
 65164 | Crypt:1  | Entered Level 1 of the Crypt
 65195 | Crypt:1  | Reached skill level 20 in Armour
 65300 | Crypt:1  | Noticed a greater mummy
 65515 | Crypt:1  | Noticed Khufu
 66062 | Lair:8   | Killed Anothat's ghost
 66158 | Slime:1  | Entered Level 1 of the Pits of Slime
 66647 | Slime:6  | Entered Level 6 of the Pits of Slime
 66752 | Slime:6  | Noticed the royal jelly
 66820 | Slime:6  | Found a viscous altar of Jiyva.
 66839 | Slime:6  | Killed the royal jelly
 66921 | Slime:6  | Got a slimy rune of Zot
 66949 | Slime:6  | Got a warped granite ring
 66953 | Slime:6  | Identified Uxeab's Reference Book on Calling (You found it on level 6 of the Pits of Slime)
 67035 | Slime:6  | Identified the ring "Mnie" {rN+ Str+2} (You found it on level 6 of the Pits of Slime)
 67090 | Slime:6  | Got a transparent ring mail
 67091 | Slime:6  | Identified the cursed -4 ring mail "Uroru" {rElec rF+ rC- rCorr} (You found it on level 6 of the Pits of Slime)
 67102 | Slime:6  | Got a smoking scale mail
 67103 | Slime:6  | Identified the +6 scale mail of the Pit {Slay+3 Stlth+} (You found it on level 6 of the Pits of Slime)
 68184 | Depths:5 | Noticed Frederick
 68197 | Depths:5 | Noticed Boris
 68221 | Depths:5 | Killed Frederick
 68286 | Depths:5 | Killed Boris
 68321 | Depths:5 | Reached skill level 15 in Long Blades
 68519 | Depths:5 | Found a gate to the Realm of Zot.
 68587 | Zot:1    | Entered Level 1 of the Realm of Zot
 70224 | Zot:1    | Reached XP level 23. HP: 244/244 MP: 39/39
 72251 | Zot:4    | Noticed an orb of fire
 72270 | Zot:5    | Entered Level 5 of the Realm of Zot
 72828 | Zot:5    | Noticed an ancient lich
 73028 | Zot:5    | Killed an ancient lich
 73113 | Zot:5    | Reached skill level 21 in Invocations
 73133 | Zot:5    | Noticed an orb of fire
 73197 | Zot:5    | Killed an orb of fire
 73197 | Zot:5    | Reached XP level 24. HP: 190/265 MP: 41/41
 73328 | Zot:5    | Noticed an orb of fire
 73350 | Zot:5    | Noticed an orb of fire
 73395 | Zot:5    | Gained mutation: Your body is slowly deteriorating. [an orb of fire]
 73404 | Zot:5    | Gained mutation: You expend magic power (3 MP) to slightly strengthen your wands. [an orb of fire]
 73415 | Zot:5    | Gained mutation: You are somewhat resistant to further mutation. [an orb of fire]
 73434 | Zot:5    | Killed an orb of fire
 73513 | Zot:5    | Killed an orb of fire
 73588 | Zot:5    | Reached skill level 22 in Invocations
 73789 | Zot:5    | Got the Orb of Zot
 74008 | Depths:5 | Your ally Frederick died
 74351 | D:5      | Noticed Esapuff the pandemonium lord
 74466 | D:$      | Escaped with the Orb!

Action                   |  1- 3 |  4- 6 |  7- 9 | 10-12 | 13-15 | 16-18 | 19-21 | 22-24 || total
-------------------------+-------+-------+-------+-------+-------+-------+-------+-------++-------
Melee: Whip              |    22 |       |       |       |       |       |       |       ||    22
       Unarmed           |     1 |       |       |       |       |       |    26 |       ||    27
       Hand axe          |       |    49 |   175 |       |       |       |       |       ||   224
       War axe           |       |       |    98 |   304 |       |       |       |       ||   402
       Demon blade       |       |       |       |   501 |  1546 |  2070 |  2407 |  1879 ||  8403
       Scimitar          |       |       |       |       |    52 |    32 |       |       ||    84
 Fire: Blowgun           |       |       |       |     3 |    45 |    32 |       |    16 ||    96
Throw: Throwing net      |       |       |       |       |     1 |       |       |       ||     1
 Cast: Pain              |    70 |   110 |   136 |   165 |    34 |     3 |     4 |       ||   522
       Animate Skeleton  |    15 |    30 |    32 |    47 |    57 |    12 |    27 |     7 ||   227
       Vampiric Draining |     4 |    15 |    87 |   125 |   125 |     8 |    15 |     3 ||   382
       Animate Dead      |       |       |    15 |    44 |    86 |   113 |    85 |    42 ||   385
       Control Undead    |       |       |       |       |       |    11 |       |       ||    11
       Repel Missiles    |       |       |       |       |       |     9 |    15 |    11 ||    35
Invok: Greater Servant o |       |       |       |     1 |     1 |       |       |       ||     2
       Lesser Servant of |       |       |       |       |       |       |       |     2 ||     2
 Abil: Evoke Flight      |       |       |       |       |       |     2 |     1 |       ||     3
Evoke: Wand              |       |     2 |     1 |    12 |     9 |    20 |    34 |    47 ||   125
  Use: Scroll            |       |       |    17 |    19 |    17 |    17 |    20 |    20 ||   110
       Potion            |       |       |     1 |     1 |     5 |     8 |     1 |     7 ||    23
 Stab: Sleeping          |     2 |       |       |    13 |     8 |    15 |    17 |    16 ||    71
       Distracted        |       |     2 |     1 |    10 |    20 |    28 |    24 |    24 ||   109
       Fleeing           |       |       |       |     1 |       |       |     1 |       ||     2
  Eat: Chunk             |     6 |    13 |    31 |    48 |    69 |     8 |    21 |     8 ||   204
       Beef jerky        |       |       |     1 |     3 |     3 |     1 |     5 |     2 ||    15
       Royal jelly       |       |       |     1 |     1 |       |       |       |       ||     2
       Pizza             |       |       |       |     4 |     2 |     8 |     3 |     1 ||    18
       Fruit             |       |       |       |       |       |    15 |    10 |     4 ||    29
       Meat ration       |       |       |       |       |       |     6 |     5 |     2 ||    13
       Bread ration      |       |       |       |       |       |     3 |     1 |     5 ||     9

Action                   |  1- 3 |  4- 6 |  7- 9 | 10-12 | 13-15 | 16-18 | 19-21 | 22-24 || total
-------------------------+-------+-------+-------+-------+-------+-------+-------+-------++-------
Melee: Whip              |    22 |       |       |       |       |       |       |       ||    22
       Unarmed           |     1 |       |       |       |       |       |    26 |       ||    27
       Hand axe          |       |    49 |   175 |       |       |       |       |       ||   224
       War axe           |       |       |    98 |   304 |       |       |       |       ||   402
       Demon blade       |       |       |       |   501 |  1546 |  2070 |  2407 |  1879 ||  8403
       Scimitar          |       |       |       |       |    52 |    32 |       |       ||    84
 Fire: Blowgun           |       |       |       |     3 |    45 |    32 |       |    16 ||    96
Throw: Throwing net      |       |       |       |       |     1 |       |       |       ||     1
 Cast: Pain              |    70 |   110 |   136 |   165 |    34 |     3 |     4 |       ||   522
       Animate Skeleton  |    15 |    30 |    32 |    47 |    57 |    12 |    27 |     7 ||   227
       Vampiric Draining |     4 |    15 |    87 |   125 |   125 |     8 |    15 |     3 ||   382
       Animate Dead      |       |       |    15 |    44 |    86 |   113 |    85 |    42 ||   385
       Control Undead    |       |       |       |       |       |    11 |       |       ||    11
       Repel Missiles    |       |       |       |       |       |     9 |    15 |    11 ||    35
Invok: Greater Servant o |       |       |       |     1 |     1 |       |       |       ||     2
       Lesser Servant of |       |       |       |       |       |       |       |     2 ||     2
 Abil: Evoke Flight      |       |       |       |       |       |     2 |     1 |       ||     3
Evoke: Wand              |       |     2 |     1 |    12 |     9 |    20 |    34 |    47 ||   125
  Use: Scroll            |       |       |    17 |    19 |    17 |    17 |    20 |    20 ||   110
       Potion            |       |       |     1 |     1 |     5 |     8 |     1 |     7 ||    23
 Stab: Sleeping          |     2 |       |       |    13 |     8 |    15 |    17 |    16 ||    71
       Distracted        |       |     2 |     1 |    10 |    20 |    28 |    24 |    24 ||   109
       Fleeing           |       |       |       |     1 |       |       |     1 |       ||     2
  Eat: Chunk             |     6 |    13 |    31 |    48 |    69 |     8 |    21 |     8 ||   204
       Beef jerky        |       |       |     1 |     3 |     3 |     1 |     5 |     2 ||    15
       Royal jelly       |       |       |     1 |     1 |       |       |       |       ||     2
       Pizza             |       |       |       |     4 |     2 |     8 |     3 |     1 ||    18
       Fruit             |       |       |       |       |       |    15 |    10 |     4 ||    29
       Meat ration       |       |       |       |       |       |     6 |     5 |     2 ||    13
       Bread ration      |       |       |       |       |       |     3 |     1 |     5 ||     9

Action                   |  1- 3 |  4- 6 |  7- 9 | 10-12 | 13-15 | 16-18 | 19-21 | 22-24 || total
-------------------------+-------+-------+-------+-------+-------+-------+-------+-------++-------
Melee: Whip              |    22 |       |       |       |       |       |       |       ||    22
       Unarmed           |     1 |       |       |       |       |       |    26 |       ||    27
       Hand axe          |       |    49 |   175 |       |       |       |       |       ||   224
       War axe           |       |       |    98 |   304 |       |       |       |       ||   402
       Demon blade       |       |       |       |   501 |  1546 |  2070 |  2407 |  1879 ||  8403
       Scimitar          |       |       |       |       |    52 |    32 |       |       ||    84
 Fire: Blowgun           |       |       |       |     3 |    45 |    32 |       |    16 ||    96
Throw: Throwing net      |       |       |       |       |     1 |       |       |       ||     1
 Cast: Pain              |    70 |   110 |   136 |   165 |    34 |     3 |     4 |       ||   522
       Animate Skeleton  |    15 |    30 |    32 |    47 |    57 |    12 |    27 |     7 ||   227
       Vampiric Draining |     4 |    15 |    87 |   125 |   125 |     8 |    15 |     3 ||   382
       Animate Dead      |       |       |    15 |    44 |    86 |   113 |    85 |    42 ||   385
       Control Undead    |       |       |       |       |       |    11 |       |       ||    11
       Repel Missiles    |       |       |       |       |       |     9 |    15 |    11 ||    35
Invok: Greater Servant o |       |       |       |     1 |     1 |       |       |       ||     2
       Lesser Servant of |       |       |       |       |       |       |       |     2 ||     2
 Abil: Evoke Flight      |       |       |       |       |       |     2 |     1 |       ||     3
Evoke: Wand              |       |     2 |     1 |    12 |     9 |    20 |    34 |    47 ||   125
  Use: Scroll            |       |       |    17 |    19 |    17 |    17 |    20 |    20 ||   110
       Potion            |       |       |     1 |     1 |     5 |     8 |     1 |     7 ||    23
 Stab: Sleeping          |     2 |       |       |    13 |     8 |    15 |    17 |    16 ||    71
       Distracted        |       |     2 |     1 |    10 |    20 |    28 |    24 |    24 ||   109
       Fleeing           |       |       |       |     1 |       |       |     1 |       ||     2
  Eat: Chunk             |     6 |    13 |    31 |    48 |    69 |     8 |    21 |     8 ||   204
       Beef jerky        |       |       |     1 |     3 |     3 |     1 |     5 |     2 ||    15
       Royal jelly       |       |       |     1 |     1 |       |       |       |       ||     2
       Pizza             |       |       |       |     4 |     2 |     8 |     3 |     1 ||    18
       Fruit             |       |       |       |       |       |    15 |    10 |     4 ||    29
       Meat ration       |       |       |       |       |       |     6 |     5 |     2 ||    13
       Bread ration      |       |       |       |       |       |     3 |     1 |     5 ||     9
